 Dungeon Crawl Stone Soup version 0.27-a0-1200-g94dc6ad4cf (webtiles) character file.

Game seed: 14639512606317134403

116 polve the Chopper (level 4, -8/52 HPs)
             Began as a Demonspawn Berserker on May 29, 2021.
             Was a Believer of Trog.
             Mangled by Pikel
             ... wielding a +1 whip of flaming
              (9 damage)
             ... on level 4 of the Dungeon on May 30, 2021.
             The game lasted 00:02:44 (3240 turns).

polve the Chopper (Demonspawn Berserker)            Turns: 3240, Time: 00:02:45

Health: -8/52      AC:  5    Str: 18    XL:     4   Next: 70%
Magic:  4/4        EV: 11    Int:  8    God:    Trog [**....]
Gold:   89         SH:  0    Dex: 13    Spells: 3/3 levels left

rFire    . . .     SeeInvis .   m - +0 war axe
rCold    . . .     Faith    .   (no shield)
rNeg     . . .     Spirit   .   n - +0 leather armour
rPois    .         Reflect  .   (no helmet)
rElec    .         Harm     .   (no cloak)
rCorr    .         Rampage  .   (no gloves)
Will     .....                  (no boots)
Stlth    ..........             (no amulet)
HPRegen  0.17/turn              (no ring)
MPRegen  0.18/turn              (no ring)

@: berserking, very quick
A: icy blue scales 1, spiny 1, magic regeneration
a: Renounce Religion, Berserk, Trog's Hand


You were on level 4 of the Dungeon.
You worshipped Trog.
Trog was pleased with you.
You visited 1 branch of the dungeon, and saw 4 of its levels.

You collected 89 gold pieces.

Inventory:

Hand Weapons
 a - a +0 hand axe
 m - a +0 war axe (weapon)
Armour
 b - a +0 animal skin
 n - a +0 leather armour (worn)
Jewellery
 j - a +4 ring of protection
Wands
 s - a wand of mindburst (15)
Scrolls
 c - 2 scrolls of magic mapping {unknown}
 d - a scroll of silence {unknown}
 g - 3 scrolls of identify {unknown}
 k - a scroll of fear {unknown}
 l - 2 scrolls of blinking {unknown}
 p - a scroll of enchant weapon {unknown}
 q - a scroll of enchant armour {unknown}
 t - a scroll of vulnerability {unknown}
 u - a scroll of fog {unknown}
Potions
 e - a potion of heal wounds {unknown}
 f - a potion of attraction {unknown}
 h - a potion of flight {unknown}
 i - a potion of brilliance {unknown}
 o - a potion of mutation {unknown}
 r - 3 potions of lignification {unknown}


   Skills:
 - Level 3.0 Fighting
 + Level 5.0 Axes
 - Level 1.7 Armour
 - Level 1.7 Dodging


You had 3 spell levels left.
You didn't know any spells.
Your spell library was empty.

Dungeon Overview and Level Annotations

Branches:
Dungeon (4/15)
 Temple: D:4-7

Altars:
Dithmenos
Okawaru

Annotations:
D:4 Pikel


Innate Abilities, Weirdness & Mutations

You are partially covered in icy blue scales. (AC +2)
You are partially covered in sharp spines.
You regenerate magic rapidly.


Message History

You kill the hound!
Trog accepts your kill.
You slash the lemure!
Your Axes skill increases to level 5!
You closely miss Pikel.
Pikel is heavily wounded.
You closely miss the lemure. You slash the lemure!
You kill the lemure!
That felt strangely unrewarding.
Pikel hits you with a +1 whip of flaming.
Pikel burns you. The lemure hits you.
* * * LOW HITPOINT WARNING * * *
You hit Pikel.
Pikel is severely wounded.
You closely miss the lemure. You slash the lemure!
Pikel says, "Time is money, and you're costing me too much!"
Pikel is struck by your spines. Pikel hits you but does no damage.
The lemure closely misses you. The lemure is struck by your spines.
The lemure barely misses you.
A hound comes into view.
You closely miss Pikel.
Pikel is severely wounded.
The hound barks!
You slash the lemure! You hit the lemure but do no damage.
You barely miss the lemure. Pikel is struck by your spines.
Pikel hits you with a +1 whip of flaming!
* * * LOW HITPOINT WARNING * * *
Pikel burns you.
* * * LOW HITPOINT WARNING * * *
The lemure hits you but does no damage. The lemure is struck by your spines.
The lemure barely misses you. The lemure hits you.
* * * LOW HITPOINT WARNING * * *
You miss Pikel.
Pikel is almost dead.
You hit the lemure but do no damage. You slash the lemure!
You feel the power of Trog in you as your rage grows.
You kill the lemure!
That felt strangely unrewarding.
You hit the lemure.
Pikel hits you with a +1 whip of flaming!
You die...

#.##<#
##########.##.####
..............†.>#
......####.##.####
..... #.##.# ......
#.##.#
......####.##.#######
..h...5.....#........
##..K@.....########
#..5.)....#
#........[)......
#.########.###### #.
.# # .# ≈^ .( §^.


You could see Pikel, 2 lemures and a hound.

Vanquished Creatures
  2 lemures (D:4)
  A hound (D:4)
  An adder (D:2)
  A dart slug (D:3)
  A worm (D:3)
  2 orcs
  5 endoplasms
  6 giant cockroaches
  7 goblins
  5 hobgoblins
  6 jackals (D:1)
  9 kobolds
  4 quokkas
  3 ball pythons
  2 bats (D:1)
  2 frilled lizards (D:1)
  7 rats
64 creatures vanquished.

Notes
Turn   | Place    | Note
-------+----------+-------------------------------------------
     0 | D:1      | polve the Demonspawn Berserker began the quest for the Orb.
     0 | D:1      | Reached XP level 1. HP: 18/18 MP: 1/1
   158 | D:1      | Reached skill level 3 in Axes
   318 | D:1      | Gained mutation: You are partially covered in sharp spines.
                  | [demonic ancestry]
   318 | D:1      | Reached XP level 2. HP: 12/24 MP: 2/2
   807 | D:1      | Gained mutation: You regenerate magic rapidly. [demonic
                  | ancestry]
   807 | D:1      | Reached XP level 3. HP: 29/29 MP: 3/3
   836 | D:1      | Reached ** piety under Trog
   867 | D:1      | Reached skill level 4 in Axes
  1008 | D:1      | Found a faded altar of an unknown god.
  2473 | D:3      | Found a shadowy altar of Dithmenos.
  2577 | D:3      | Found an iron altar of Okawaru.
  2697 | D:3      | Gained mutation: You are partially covered in icy blue
                  | scales. (AC +2) [demonic ancestry]
  2697 | D:3      | Reached XP level 4. HP: 35/35 MP: 4/4
  2737 | D:3      | Upgraded the game from 0.27-a0-1196-g3e9cee4cb2 to
                  | 0.27-a0-1200-g94dc6ad4cf
  3225 | D:4      | Noticed a lemure
  3226 | D:4      | Noticed a lemure
  3226 | D:4      | Noticed a lemure
  3227 | D:4      | Noticed Pikel
  3232 | D:4      | Noticed a lemure
  3237 | D:4      | Reached skill level 5 in Axes
  3237 | D:4      | Killed a lemure
  3239 | D:4      | HP: 1/52 [lemure[Pikel] (4)]
  3240 | D:4      | Killed a lemure
  3240 | D:4      | Mangled by Pikel

Illustrated notes

Levels and vault maps discovered:
D:1:      roderic_dead_forest, layout_loops_ring, shapermc_ecumenical_altar_gd
D:2:      layout_basic
D:3:      layout_basic, okawaru_gym_becter, lemuel_tele_altar
D:4:      layout_basic, grunt_qazlal_sundering, minmay_between, uniq_pikel

Skill      XL: |  1  2  3  4 |
---------------+-------------+-----
Axes           | 3 4 5 |  5.0
Fighting       | |  3.0
Armour         | |  1.7
Dodging        | |  1.7

Action                   |  1- 3 |  4- 6 || total
-------------------------+-------+-------++-------
Melee: Hand axe          |    73 |       ||    73
       War axe           |     9 |    23 ||    32
Invok: Berserk           |       |     1 ||     1
Armor: Animal skin       |    15 |       ||    15
       Leather armour    |       |    11 ||    11
Dodge: Dodged            |    37 |    11 ||    48

Table legend: (Time is in decaauts)
 A = Elapsed time spent in this place.
 B = Non-inter-level travel time spent in this place.
 C = Inter-level travel time spent in this place.
 D = Time resting spent in this place.
 E = Time spent auto-exploring this place.
 F = Levels seen in this place.
 G = Mean time per level.
                   A        B        C        D        E       F      G
               +--------+--------+--------+--------+--------+-----+--------+
         Total |   3253 |   3201 |     52 |      0 |   2867 |   4 |  813.2 |
       Dungeon |   3253 |   3201 |     52 |      0 |   2867 |   4 |  813.2 |
               +--------+--------+--------+--------+--------+-----+--------+

Top non-repeatable levels by time:
     D:1: 1327 daAuts
     D:2: 1122 daAuts
     D:3: 714 daAuts
     D:4: 89 daAuts
